 Dungeon Crawl Stone Soup version 0.23-a0-650-ga4d50d4 (webtiles) character file.

118 Moebius the Magician (level 4, -6/24 HPs)
             Began as a Deep Elf Air Elementalist on Jan 2, 2019.
             Splashed by Ijyb's acid (9 damage)
             ... on level 3 of the Dungeon.
             The game lasted 00:08:16 (1973 turns).

Moebius the Magician (Deep Elf Air Elementalist)    Turns: 1973, Time: 00:08:17

Health: -6/24      AC: -2    Str:  5    XL:     4   Next: 72%
Magic:  7/12       EV: 13    Int: 21    God:
Gold:   70         SH:  0    Dex: 15    Spells: 8/12 levels left

rFire    . . .     SeeInvis .   g - +0 short sword
rCold    . . .     Gourm    .   (no shield)
rNeg     . . .     Faith    .   a - +0 robe
rPois    .         Spirit   .   (no helmet)
rElec    .         Reflect  .   (no cloak)
rCorr    .         Harm     .   (no gloves)
MR       .....                  (no boots)
Stlth    ++........             (no amulet)
HPRegen  0.08/turn              (no ring)
MPRegen  0.13/turn              (no ring)

@: corroded
A: no striking features
a: no special abilities


You were on level 3 of the Dungeon.
You were not hungry.

You visited 1 branch of the dungeon, and saw 3 of its levels.

You collected 70 gold pieces.

Inventory:

Hand Weapons
 g - a +0 short sword (weapon)
 i - a +0 hunting sling
 o - a +0 falchion
Missiles
 e - 31 poisoned needles
 j - 52 stones (quivered)
Armour
 a - a +0 robe (worn)
 n - a +0 buckler
Scrolls
 d - 2 scrolls of teleportation {unknown}
 h - 2 scrolls of identify {unknown}
 k - a scroll of remove curse {unknown}
 m - a scroll of amnesia {unknown}
Potions
 b - a potion of berserk rage {unknown}
 f - 2 potions of heal wounds {unknown}
 l - a potion of resistance {unknown}
 p - a potion of curing {unknown}
Comestibles
 c - 7 rations


   Skills:
 - Level 2.4 Dodging
 + Level 2.9 Stealth
 + Level 4.5 Spellcasting
 + Level 2.3 Conjurations
 + Level 4.2 Air Magic


You had 8 spell levels left.
You knew the following spells:

 Your Spells              Type           Power        Failure   Level  Hunger
a - Shock                 Conj/Air       ###.         3%          1    None
b - Static Discharge      Conj/Air       ###.....     9%          3    ##.....

Your spell library contained the following spells:

 Spells                   Type           Power        Failure   Level  Hunger
 Swiftness                Chrm/Air       ##......     8%          2    #......
 Airstrike                Air            ###.......   21%         4    ####...
 Lightning Bolt           Conj/Air       ###.......   63%         5    ######.


Dungeon Overview and Level Annotations

Branches:
Dungeon (3/15)

Altars:

Annotations:
D:3 Ijyb


Message History

Press: ? - help, Shift-Dir - straight line, f - leopard gecko
Aim: a leopard gecko The zap hits the leopard gecko.
You kill the leopard gecko!
The zap misses Ijyb.
The zap hits the hobgoblin.
The hobgoblin is almost dead.
Casting: Shock (safe; 3% risk of failure)
Confirm with . or Enter, or press ? or * to list all spells.
Aiming: Shock (safe; 3% risk of failure)
Press: ? - help, Shift-Dir - straight line, f - Ijyb
Aim: Ijyb, wielding a +0 club, wearing a +0 ring mail and carrying a wand of The zap hits Ijyb.
Ijyb is lightly wounded.
The zap hits the hobgoblin.
You kill the hobgoblin!
Ijyb zaps a wand.
The bolt of acid hits you!
Ouch! That really hurt!
* * * LOW HITPOINT WARNING * * *
The acid corrodes you!
You are splashed with acid!
The acid burns!
You die...

#.........#### #.........#
## ###### #.........###.
......##.............
#........†...###. ..
#####..........##.. ......
#.................. ...(..
#.<............##.#
......##.@.........†.....#
%......#.....##.........÷#
..........................
.......#.g...##..........#
.........................#
........#).####...$......#
.............##........†..
..........##............(.
..........# #.........##..


You could see Ijyb.

Vanquished Creatures
  Jessica (D:2)
  Robin (D:2)
  3 adders (D:2)
  2 dart slugs
  4 leopard geckos
  An orc (D:3)
  3 giant cockroaches
  8 hobgoblins
  A quokka (D:3)
  3 bats (D:1)
  3 frilled lizards
  10 goblins
  2 kobolds (D:1)
  4 rats
46 creatures vanquished.

Notes
Turn   | Place    | Note
-------+----------+-------------------------------------------
     0 | D:1      | Moebius the Deep Elf Air Elementalist began the quest for
                  | the Orb.
     0 | D:1      | Reached XP level 1. HP: 10/10 MP: 6/6
   285 | D:1      | Reached XP level 2. HP: 15/15 MP: 6/8
   912 | D:2      | Reached XP level 3. HP: 19/19 MP: 7/10
   999 | D:2      | Learned a level 3 spell: Static Discharge
  1209 | D:2      | Noticed Jessica
  1210 | D:2      | Killed Jessica
  1210 | D:2      | Reached XP level 4. HP: 24/24 MP: 9/12
  1384 | D:2      | Noticed Robin
  1389 | D:2      | Killed Robin
  1954 | D:3      | Noticed Ijyb
  1973 | D:3      | Splashed by Ijyb's acid

Vault maps used:
D:1:      dpeg_arrival_arbitrary_c
D:2:      uniq_robin, uniq_jessica
D:3:      first_ration, item_on_display_a, uniq_ijyb

Skill      XL: |  1  2  3  4 |
---------------+-------------+-----
Spellcasting   | 4 |  4.5
Air Magic      | 4 |  4.2
Conjurations   | 2 |  2.3
Dodging        | |  2.4
Stealth        | |  2.9

Action                   |  1- 3 |  4- 6 || total
-------------------------+-------+-------++-------
 Cast: Shock             |    48 |    49 ||    97
       Static Discharge  |       |     1 ||     1
  Eat: Chunk             |     1 |     2 ||     3
Armor: Robe              |       |     4 ||     4
Dodge: Dodged            |     6 |     8 ||    14

Table legend:
 A = Non-vault XP
 B = Vault XP
 C = Vault XP percentage of total XP
 D = Non-vault monster count
 E = Vault monster count
 F = Vault count percentage of total count
                 A         B        C        D         E       F
            +---------+---------+-------+---------+---------+-------
      Total |      99 |      70 |  41.4 |      35 |      11 |  23.9
            +---------+---------+-------+---------+---------+-------
        D:1 |      26 |       0 |   0.0 |      17 |       0 |   0.0
        D:2 |      57 |      70 |  55.1 |      10 |      11 |  52.4
        D:3 |      16 |       0 |   0.0 |       8 |       0 |   0.0
            +---------+---------+-------+---------+---------+-------
